 Dungeon Crawl Stone Soup version 0.25-a0-292-gaa31f046c4 (webtiles) character file.

Game seed: 8413923148935612486, levelgen mode: deterministic

321 MoonlitKnight the Covered (level 6, -19/39 HPs)
             Began as a Gargoyle Fighter on Dec 15, 2019.
             Was an Initiate of the Shining One.
             Demolished by an ogre
             ... wielding a +0 giant spiked club
              (28 damage)
             ... on level 4 of the Dungeon.
             The game lasted 00:06:41 (3307 turns).

MoonlitKnight the Covered (Gargoyle Fighter)        Turns: 3307, Time: 00:06:42

Health: -19/39     AC: 14    Str: 22    XL:     6   Next: 46%
Magic:  2/2        EV:  7    Int:  8    God:    the Shining One [......]
Gold:   139        SH:  9    Dex:  9    Spells: 5/5 levels left

rFire    . . .     SeeInvis .   a - +2 flail (antimagic)
rCold    + . .     Gourm    .   c - +0 shield
rNeg     + . .     Faith    .   b - +0 scale mail
rPois    ∞         Spirit   .   (no helmet)
rElec    +         Reflect  .   (no cloak)
rCorr    .         Harm     .   q - +0 pair of gloves
MR       .....                  h - +0 pair of boots
Stlth    ..........             (no amulet)
HPRegen  0.13/turn              i - ring of protection from cold
MPRegen  0.08/turn              (no ring)

@: glowing
A: negative energy resistance 1, electricity resistance, unbreathing,
petrification resistance, rot immunity, AC +4
a: Renounce Religion


You were on level 4 of the Dungeon.
You worshipped the Shining One.
The Shining One was noncommittal.
You were not hungry.

You visited 1 branch of the dungeon, and saw 4 of its levels.

You collected 139 gold pieces.

Inventory:

Hand Weapons
 a - a +2 antimagic flail (weapon)
Missiles
 u - 22 poisoned darts (quivered)
 x - 23 sling bullets
Armour
 b - a +0 scale mail (worn)
 c - a +0 shield (worn)
 h - a +0 pair of boots (worn)
 q - a +0 pair of gloves (worn)
Jewellery
 i - a ring of protection from cold (left hand)
 D - an uncursed ring of stealth {unknown}
Wands
 A - a wand of iceblast (14)
Scrolls
 g - a scroll of blinking {unknown}
 m - 3 scrolls of enchant armour {unknown}
 p - a scroll of fear
 r - a scroll of amnesia {unknown}
 s - 2 scrolls of remove curse
 t - 3 scrolls of teleportation
 v - a scroll of immolation {unknown}
 y - 2 scrolls of noise {unknown}
Potions
 d - 2 potions of might
 e - a potion of mutation
 j - 4 potions of lignification
 k - 2 potions of magic {unknown}
 l - a potion of flight {unknown}
 n - 2 potions of heal wounds {unknown}
 o - 3 potions of curing {unknown}
 w - a potion of degeneration {unknown}
 z - a potion of resistance {unknown}
 B - 2 potions of berserk rage {unknown}
Comestibles
 f - 4 rations
 C - 2 chunks of flesh


   Skills:
 + Level 4.4 Fighting
 * Level 4.4 Maces & Flails
 + Level 4.5 Armour
 + Level 4.5 Shields


You had 5 spell levels left.
You didn't know any spells.
Your spell library was empty.

Dungeon Overview and Level Annotations

Branches:
Dungeon (4/15)
 Temple: D:4-7

Altars:
Fedhas
Sif Muna
Yredelemnul
The Shining One


Innate Abilities, Weirdness & Mutations

You are resistant to torment.
Your stone body is resilient. (AC +4)
You are immune to poison.
You resist negative energy. (rN+)
You are resistant to electric shocks. (rElec)
You can survive without breathing.
You are immune to petrification.
You are immune to rotting.


Message History

Ouch! That really hurt!
You are too injured to fight recklessly!
You are too injured to fight recklessly!
You are too injured to fight recklessly!
You are too injured to fight recklessly!
Your shield and scale mail prevent you from hitting the ogre.
The ogre is heavily wounded.
You block the ogre's attack.
You hit the ogre.
The ogre is heavily wounded.
The ogre hits you with a +0 giant spiked club!
* * * LOW HITPOINT WARNING * * *
You sock the ogre!
The ogre is almost dead.
The ogre barely misses you.
Your shield and scale mail prevent you from hitting the ogre.
The ogre is almost dead.
The ogre hits you with a +0 giant spiked club!!
Ouch! That really hurt!
You die...

.........#####
.♣######.#...# .#
####.#...#### .♣
#.............
.####.####...####.
.♣<......#...# #######
##.#♣♣P.♣#...### ......#
....♣...♣##....##.......
....♣...........@O......
.#.....P♣####.###.......
.#.#♣.♣♣♣# #.# .......
.#.#.#...####.###.......
♣#♣#♣#♣.#.......########
........#.###.#.##
♣.♣#♣#♣.#.##.....#
#.##......##.....# .
#..####.####.....# .♣


You could see an ogre.

Vanquished Creatures
  3 orc wizards
  Ijyb (D:3)
  Jessica (D:2)
  An iguana (D:4)
  A worker ant (D:4)
  5 adders
  An ooze (D:4)
  A worm (D:4)
  A dart slug (D:3)
  2 leopard geckos
  8 orcs
  2 giant cockroaches
  4 goblins
  5 hobgoblins
  11 jackals
  10 kobolds
  2 quokkas (D:3)
  2 ball pythons
  5 bats (D:2)
  5 frilled lizards
  4 rats
75 creatures vanquished.

Vanquished Creatures (others)
  A bush (D:4)
1 creature vanquished.

Grand Total: 76 creatures vanquished

Notes
Turn   | Place    | Note
-------+----------+-------------------------------------------
     0 | D:1      | MoonlitKnight the Gargoyle Fighter began the quest for the
                  | Orb.
     0 | D:1      | Reached XP level 1. HP: 14/14 MP: 1/1
   156 | D:1      | Reached XP level 2. HP: 15/19 MP: 2/2
  1057 | D:2      | Found a faded altar of an unknown god.
  1111 | D:2      | Reached XP level 3. HP: 22/23 MP: 3/3
  1438 | D:2      | Noticed Jessica
  1450 | D:2      | Killed Jessica
  1450 | D:2      | Reached XP level 4. HP: 24/29 MP: 4/4
  1927 | D:3      | Found a glowing golden altar of the Shining One.
  1964 | D:3      | Found a basalt altar of Yredelemnul.
  1964 | D:3      | Found a blossoming altar of Fedhas.
  2094 | D:4      | Noticed Ijyb
  2106 | D:3      | Killed Ijyb
  2106 | D:3      | Reached XP level 5. HP: 30/33 MP: 5/5
  2118 | D:3      | Became a worshipper of the Shining One
  2310 | D:3      | Found a shimmering blue altar of Sif Muna.
  2703 | D:4      | Noticed an ogre
  2928 | D:4      | Reached XP level 6. HP: 36/38 MP: 6/6
  3307 | D:4      | Demolished by an ogre

Levels and vault maps discovered:
D:1:      minmay_arrival_three_doors, layout_loops_corners, minmay_cupped
D:2:      layout_loops_ring, chequers_ecumenical_altar_simple_redux,
          serial_aquarium, aquarium_bridge_straight [aquarium_subvault_bridge,
          aquarium_subvault_balcony, aquarium_subvault_bridge,
          aquarium_subvault_window], aquarium_window_fake, aquarium_window_3,
          aquarium_window_fake, aquarium_window_2, aquarium_view_2d,
          aquarium_view_2g, aquarium_pool_five, uniq_jessica
D:3:      layout_rooms, overflow_temple_1_default,
          gammafunk_temple_overflow_elements, led_sif_book
D:4:      cheibrodos_helix_gallery, layout_basic, serial_forest,
          infiniplex_forest_split, infiniplex_forest_end_3,
          infiniplex_forest_straight_2, infiniplex_forest_clump_long,
          infiniplex_forest_lined_room_2, infiniplex_forest_clump_curved,
          infiniplex_forest_straight_2, infiniplex_forest_corner_1,
          infiniplex_forest_lined_3, kennysheep_big_empty_room, uniq_ijyb

Skill      XL: |  1  2  3  4  5 |
---------------+----------------+-----
Maces & Flails | 3 4 |  4.4
Shields        | 4 |  4.5
Fighting       | 4 |  4.4
Armour         | 4 |  4.5

Action                   |  1- 3 |  4- 6 || total
-------------------------+-------+-------++-------
Melee: Flail             |    98 |   194 ||   292
  Use: Scroll            |       |     5 ||     5
  Eat: Chunk             |     1 |     5 ||     6
       Ration            |       |     1 ||     1
Armor: Scale mail        |    57 |   106 ||   163
Dodge: Dodged            |    40 |    52 ||    92
Block: Shield            |    65 |    96 ||   161

Table legend:
 A = Non-vault XP
 B = Vault XP
 C = Vault XP percentage of total XP
 D = Non-vault monster count
 E = Vault monster count
 F = Vault count percentage of total count
                 A         B        C        D         E       F
            +---------+---------+-------+---------+---------+-------
      Total |     328 |     131 |  28.5 |      69 |       6 |   8.0
            +---------+---------+-------+---------+---------+-------
        D:1 |      21 |       2 |   8.7 |      13 |       1 |   7.1
        D:2 |      45 |      37 |  45.1 |      14 |       1 |   6.7
        D:3 |      78 |      78 |  50.0 |      27 |       2 |   6.9
        D:4 |     184 |      14 |   7.1 |      15 |       2 |  11.8
            +---------+---------+-------+---------+---------+-------
